 Dungeon Crawl Stone Soup version 0.25.1-2-g60ff931df9 (webtiles) character file.

Game seed: 18234118351772536146

303959 Eitelfritz the Hoplite (level 21, -3/188 HPs)
             Began as a Hill Orc Fighter on Aug 14, 2020.
             Was the Champion of Yredelemnul.
             Killed from afar by a starcursed mass (13 damage)
             ... with an accursed screaming
             ... on level 2 of the Abyss.
             The game lasted 03:33:49 (43707 turns).

Eitelfritz the Hoplite (Hill Orc Fighter)          Turns: 43707, Time: 03:33:50

Health: -3/188     AC: 35    Str: 27    XL:     21   Next: 10%
Magic:  29/33      EV: 12    Int: 13    God:    Yredelemnul [******]
Gold:   3319       SH: 28    Dex: 10    Spells: 20/20 levels left

rFire    + . .     SeeInvis .   a - +9 flail of Gocreoh {freeze, rF+ Int+3}
rCold    . . .     Gourm    .   c - +1 tower shield
rNeg     . . .     Faith    .   S - +2 storm dragon scales {Bai Suzhen}
rPois    .         Spirit   .   G - +2 helmet
rElec    +         Reflect  +   D - +2 cloak
rCorr    .         Harm     .   q - +2 pair of gloves
MR       +....                  R - +2 pair of boots {Stlth+}
Stlth    ..........             T - amulet of reflection
HPRegen  0.41/turn              B - +4 ring of protection
MPRegen  0.23/turn              W - +4 ring of evasion

@: heavily drained
A: no striking features
}: 2/15 runes: decaying, gossamer
a: Recall Undead Slaves, Injury Mirror, Animate Dead, Drain Life, Enslave Soul,
Renounce Religion


You were on level 2 of the Abyss.
You worshipped Yredelemnul.
Yredelemnul was exalted by your worship.
You were not hungry.

You visited 7 branches of the dungeon, and saw 37 of its levels.
You visited the Abyss 1 time.
You also visited: Ossuary, Gauntlet and Ice Cave.

You collected 4949 gold pieces.
You spent 1630 gold pieces at shops.

Inventory:

Hand Weapons
 a - the +9 flail of Gocreoh (weapon) {freeze, rF+ Int+3}
   (You found it on level 12 of the Dungeon)

   It has been specially enchanted to freeze those struck by it, causing extra
   injury to most foes and up to half again as much damage against particularly
   susceptible opponents.
   It can also slow down cold-blooded creatures.
   It affects your intelligence (+3).
   It protects you from fire.
 I - the +8 whip "Snakebite" {curare, rPois}
   (You found it on level 8 of the Dungeon)

   It poisons the flesh of those it strikes.
   It protects you from poison.
Missiles
 E - a throwing net (quivered)
 O - 7 silver javelins
Armour
 c - a +1 tower shield (worn)
 q - a +2 pair of gloves (worn)
 D - a +2 cloak (worn)
 G - a +2 helmet (worn)
 R - a +2 pair of boots of stealth (worn)
 S - +2 storm dragon scales (worn) {Bai Suzhen}
Jewellery
 j - a +6 ring of strength
 l - an uncursed ring of resist corrosion
 p - an uncursed ring of protection from cold
 y - an uncursed ring of see invisible
 B - a +4 ring of protection (left hand)
 F - an uncursed ring of positive energy
 T - an amulet of reflection (around neck)
 W - a +4 ring of evasion (right hand)
 Y - an uncursed ring of fire
Wands
 b - a wand of paralysis (22)
 r - a wand of clouds (4)
 v - a wand of flame (112)
 C - a wand of acid (41)
 J - a wand of iceblast (64)
 L - a wand of enslavement (18)
 U - a wand of disintegration (46)
 Z - a wand of digging (11)
Scrolls
 e - 16 scrolls of teleportation
 h - 2 scrolls of magic mapping
 k - 14 scrolls of remove curse
 m - a scroll of enchant weapon
 u - 10 scrolls of blinking
 z - 5 scrolls of silence
 H - a scroll of amnesia
 Q - 2 scrolls of fog
 V - 17 scrolls of identify
 X - 3 scrolls of fear
Potions
 d - 4 potions of might
 g - 5 potions of haste
 i - 4 potions of cancellation
 n - 14 potions of curing
 o - 3 potions of heal wounds
 s - 3 potions of resistance
 t - 5 potions of ambrosia
 w - 9 potions of flight
 x - 6 potions of brilliance
 K - 4 potions of berserk rage
 N - 3 potions of stabbing
 P - 2 potions of invisibility
Comestibles
 f - 35 rations


   Skills:
 + Level 16.2(12.6) Fighting
   Level 10.2(12.1) Axes
 + Level 16.2(13.3) Maces & Flails
 + Level 0.5(0.0) Throwing
 + Level 14.6(11.2) Armour
 + Level 5.8(3.1) Dodging
 + Level 7.4(4.5) Stealth
 + Level 21.9(18.0) Shields
 + Level 16.2(12.7) Invocations
 + Level 6.0(3.2) Evocations


You had 20 spell levels left.
You didn't know any spells.
Your spell library contained the following spells:

 Spells                   Type           Power        Failure   Level  Hunger
 Beastly Appendage        Tmut           #.....       97%         1    ##.....
 Foxfire                  Conj/Fire      #...         97%         1    ##.....
 Freeze                   Ice            #...         97%         1    ##.....
 Shock                    Conj/Air       #...         97%         1    ##.....
 Sting                    Tmut/Pois      #...         97%         1    ##.....
 Poisonous Vapours        Pois/Air       #.....       99%         2    ###....
 Sticks to Snakes         Tmut           #.......     99%         2    ###....
 Sublimation of Blood     Necr           #.........   99%         2    ###....
 Swiftness                Chrm/Air       #.......     99%         2    ###....
 Confusing Touch          Hex            #.......     100%        3    ####...
 Conjure Flame            Conj/Fire      #.......     100%        3    ####...
 Frozen Ramparts          Ice            #.....       100%        3    ####...
 Gell's Gravitas          Tloc           #.........   100%        3    ####...
 Ignite Poison            Fire/Tmut/Pois #.......     100%        3    ####...
 Inner Flame              Hex/Fire       #.......     100%        3    ####...
 Mephitic Cloud           Conj/Pois/Air  #.......     100%        3    ####...
 Ozocubu's Armour         Chrm/Ice       #.......     100%        3    ####...
 Spider Form              Tmut/Pois      #.........   100%        3    ####...
 Static Discharge         Conj/Air       #.......     100%        3    ####...
 Airstrike                Air            #.........   100%        4    #####..
 Hailstorm                Conj/Ice       #.......     100%        4    #####..
 Ice Form                 Ice/Tmut       #.......     100%        4    #####..
 Olgreb's Toxic Radiance  Pois           #.......     100%        4    #####..
 Petrify                  Tmut/Erth      #.......     100%        4    #####..
 Sticky Flame             Conj/Fire      #.......     100%        4    #####..
 Summon Ice Beast         Ice/Summ       #.......     100%        4    #####..
 Summon Lightning Spire   Summ/Air       #.......     100%        4    #####..
 Alistair's Intoxication  Tmut/Pois      #.......     100%        5    ######.
 Blade Hands              Tmut           #.........   100%        5    ######.
 Fireball                 Conj/Fire      #.........   100%        5    ######.
 Irradiate                Conj/Tmut      #.........   100%        5    ######.
 Lightning Bolt           Conj/Air       #.........   100%        5    ######.
 Metabolic Englaciation   Hex/Ice        #.........   100%        5    ######.
 Silence                  Hex/Air        #.........   100%        5    ######.
 Yara's Violent Unravell  Hex/Tmut       #.........   100%        5    ######.
 Conjure Ball Lightning   Conj/Air       #.........   100%        6    #######
 Eringya's Noxious Bog    Tmut/Pois      #.........   100%        6    #######
 Freezing Cloud           Conj/Ice/Air   #.........   100%        6    #######
 Hydra Form               Tmut           #.........   100%        6    #######
 Ozocubu's Refrigeration  Ice            #.........   100%        6    #######
 Simulacrum               Ice/Necr       #.........   100%        6    #######
 Statue Form              Tmut/Erth      #........    100%        6    #######
 Dragon Form              Tmut           #.........   100%        7    #######
 Ring of Flames           Chrm/Fire      #.........   100%        7    #######
 Tornado                  Air            #.........   100%        9    #######


Dungeon Overview and Level Annotations

Branches:
Dungeon (15/15)            Temple (1/1) D:7            Lair (6/6) D:8
  Swamp (4/4) Lair:3       Spider (4/4) Lair:3        Slime (0/5) Lair:6
    Orc (2/2) D:12            Elf (0/3) Orc:2        Vaults (4/5) D:13
  Crypt (0/3) Vaults:3     Depths (0/5) D:15        Ossuary (visited)
  IceCv (visited)         Gauntlet (visited)

Altars:
Ashenzari
Cheibriados
Dithmenos
Elyvilon
Fedhas
Gozag
Hepliaklqana
Kikubaaqudgha
Makhleb
Nemelex Xobeh
Okawaru
Qazlal
Ru
Sif Muna
Trog
Uskayaw
Vehumet
Wu Jian
Xom
Yredelemnul
Zin
The Shining One

Shops:
D:14 *   Orc:1 ?   Orc:2 (=*[   Vaults:2 }

Annotations:
Vaults:1 3 runed translucent doors, eruonna's ghost, veteran HOBe


Message History

Your body is wracked with pain!
* * * LOW HITPOINT WARNING * * *
The raiju convulses!
The starcursed mass engulfs you but does no damage. x2
Tentacles burst from the starspawn's body!
You block the starcursed mass's attack. 2 starspawn tentacles come into view.
You block the tentacled starspawn's attack.
The tentacled starspawn engulfs you but does no damage.
You block the starspawn tentacle's attack.
The starspawn tentacle barely misses you.
Found 6 javelins.
A starcursed mass splits.
A deafening chorus of shrieks assaults your mind!
* * * LOW HITPOINT WARNING * * *
A deafening chorus of shrieks assaults your mind!
* * * LOW HITPOINT WARNING * * *
A cacophony of accursed wailing tears at your sanity!
You die...
Your body rises from the dead as a mindless zombie.

. . .│ .%... # ..##.
##..## #..##│.# ..#
.##.. #.## .#
.##...###.#####
#.#.#....#.#..## ...
..#####)#......#....
............X@..(....
.....................
...........X.........
.....#.XX.X##.#...##.
#...#X#..#..####.# #.
X.#XXX.#.# ##
#..XX.#.#....
.#.#.#h#──w..### .
..........##.#


You could see 10 starcursed masses and a raiju.

Vanquished Creatures
  An ancient lich (Vaults:5)
  Bai Suzhen (Spider:3)
  A golden dragon (Vaults:5)
  A bone dragon (Vaults:3)
  2 tentacled monstrosities (Vaults:5)
  2 thorn hunters
  2 tengu reavers (Vaults:5)
  3 shadow dragons (Vaults:5)
  5 fire giants
  An orc warlord (Orc:1)
  7 vault wardens (Vaults:5)
  2 deep elf elementalists (Vaults:5)
  An emperor scorpion (Spider:1)
  6 ironheart preservers
  4 stone giants
  2 deep elf demonologists
  A war gargoyle (Vaults:5)
  A minotaur (Gauntlet)
  An entropy weaver (Vaults:4)
  A deep elf annihilator (Vaults:5)
  A minotaur (shapeshifter) (Vaults:5)
  A deep elf death mage (Vaults:5)
  3 ettins
  2 spark wasps (Spider:4)
  10 vault guards
  A deep elf high priest (Vaults:5)
  Erolcha (D:9)
  10 yaktaur captains
  12 hydras
  Harold (D:7)
  2 ice dragons
  A ghost crab (Swamp:4)
  14 two-headed ogres
  3 centaur warriors
  A shambling mangrove (Swamp:4)
  5 ogre magi
  A death knight (Vaults:4)
  2 death scarabs (Spider:4)
  A deep troll shaman (Vaults:4)
  A death yak (Lair:6)
  4 small abominations
  2 orc high priests (Orc:2)
  5 alligators
  A deep troll earth mage (Vaults:3)
  A tengu warrior (D:14)
  A soul eater (Gauntlet)
  2 deep elf knights
  Sonja (Orc:1)
  2 slime creatures
  A flayed ghost (Vaults:5)
  8 deep trolls
  A spriggan druid (Swamp:4)
  3 glowing orange brains
  A wizard (Vaults:1)
  A phantasmal warrior (Vaults:2)
  A deep elf archer (Vaults:2)
  3 unseen horrors
  Pikel (D:6)
  An obsidian statue (D:12)
  8 orc knights
  3 necromancers
  11 wolf spiders
  8 orb spiders
  4 deep elf magi
  An oklob plant (Lair:6)
  25 ugly things
  10 ironbrand convokers
  3 orc sorcerers
  3 cyclopes
  5 moths of wrath
  3 elephants (Lair:6)
  3 black mambas
  An ice statue (IceCv)
  2 spiny frogs
  5 vault sentinels
  A torpor snail (Lair:6)
  2 redback zombies (Spider:4)
  6 demonic crawlers
  A minotaur zombie (Gauntlet)
  11 yaktaurs
  A spectral redback (Spider:4)
  An ice devil (Lair:1)
  An anaconda simulacrum (Abyss:2)
  4 kobold demonologists
  9 freezing wraiths
  4 komodo dragons
  5 trolls
  2 large abominations (Abyss:2)
  A queen bee (shapeshifter) (Vaults:4)
  A wind drake (shapeshifter) (Vaults:3)
  3 tyrant leeches
  15 jumping spiders
  8 hornets
  A polar bear (Lair:6)
  Prince Ribbit (D:6)
  A hornet (shapeshifter) (D:13)
  2 blink frogs (Lair:2)
  3 dream sheep (Lair:5)
  Grinder (D:5)
  3 bog bodies
  A raiju (shapeshifter) (Vaults:3)
  A fire giant simulacrum (Vaults:3)
  A fire dragon zombie (Vaults:1)
  5 hippogriffs
  4 centaur simulacra
  38 redbacks
  7 spriggans
  2 wraiths
  3 wyverns
  A human (D:10)
  13 tarantellas
  A yak (shapeshifter) (Vaults:1)
  31 yaks
  A hog (shapeshifter) (D:15)
  2 tarantellas (shapeshifter)
  4 hogs (D:10)
  6 vampire mosquitoes
  3 steam dragons
  2 death yak simulacra (IceCv)
  3 insubstantial wisps (Swamp:2)
  3 wargs
  3 swamp worms
  A soldier ant (shapeshifter) (Vaults:3)
  A harpy simulacrum (Gauntlet)
  Edmund (D:5)
  A hydra simulacrum (Gauntlet)
  5 water moccasins
  5 porcupines
  Duvessa (D:5)
  4 swamp drakes
  8 ice beasts
  5 black bears
  A necrophage (D:13)
  33 orc warriors
  3 slaves
  6 sky beasts
  An alligator simulacrum (IceCv)
  A phantom (D:9)
  14 ogres
  An eye of draining (D:10)
  12 centaurs
  7 wolves (Lair:6)
  5 boggarts
  13 crocodiles
  3 big kobolds
  14 bullfrogs
  Dowan (D:5)
  A wyvern skeleton (D:10)
  6 scorpions
  A water moccasin skeleton (D:6)
  3 killer bees (D:8)
  16 wights
  7 centaur zombies
  2 crimson imps
  4 howler monkeys
  2 draconian simulacra (IceCv)
  A quasit (Abyss:2)
  A bullfrog zombie (D:9)
  8 hounds
  4 bullfrog skeletons
  A human zombie (Ossuary)
  15 orc priests
  3 iguanas
  7 jellies
  5 centaur skeletons
  32 orc wizards
  Natasha (thrice) (D:3)
  13 worker ants
  A spriggan simulacrum (IceCv)
  8 troll simulacra (IceCv)
  A wolf simulacrum (IceCv)
  2 big kobold zombies (Ossuary)
  A hound zombie (D:5)
  A hound skeleton (D:6)
  6 mummies (Ossuary)
  3 ogre simulacra (IceCv)
  3 gnolls (D:9)
  12 adders
  A howler monkey skeleton (D:5)
  2 naga simulacra (IceCv)
  5 shadow imps
  9 white imps (IceCv)
  3 oozes
  4 adder skeletons
  2 worms
  5 leopard geckos
  96 orcs
  4 giant cockroaches
  4 goblins
  6 hobgoblins
  2 jackals (D:7)
  6 quokkas
  A ball python zombie (D:6)
  10 bats
  4 frilled lizards
  A gnoll zombie (Ossuary)
  A goblin zombie (Ossuary)
  19 kobolds
  A kobold zombie (Ossuary)
  6 rats
  A briar patch (Swamp:1)
  A lurking horror (Abyss:2)
  A starspawn tentacle (Abyss:2)
991 creatures vanquished.

Vanquished Creatures (collateral kills)
  the Lernaean hydra (Swamp:4)
  A lich (Vaults:3)
  A sphinx (Vaults:3)
  A shadow dragon (Vaults:5)
  A storm dragon (Vaults:2)
  A thorn hunter (Swamp:4)
  The ghost of Delamore the Warrior, an adept GrFi of Okawaru (Swamp:1)
  A tengu reaver (Vaults:5)
  2 fire giants
  A frost giant (Vaults:3)
  3 ghost moths
  A vault warden (Vaults:1)
  3 emperor scorpions (Spider:4)
  12 ironheart preservers
  6 stone giants
  2 very ugly things (Vaults:5)
  A large abomination (Vaults:5)
  2 entropy weavers
  A deep elf annihilator (Vaults:1)
  2 spark wasps
  Snorg (Lair:5)
  3 deep elf death magi
  4 fire dragons
  An ice dragon (Vaults:4)
  3 yaktaur captains
  15 hydras
  15 vault guards
  A ghost crab (Swamp:4)
  2 death knights
  27 two-headed ogres
  The ghost of H0rd4k the Eclecticist, a journeyman DEWz of Gozag (Lair:2)
  14 alligators
  8 ogre magi
  A deep troll shaman (Vaults:2)
  4 centaur warriors
  3 shambling mangroves
  6 death scarabs (Spider:4)
  A shock serpent (shapeshifter) (Vaults:2)
  6 deep elf knights
  2 spectral emperor scorpions (Spider:4)
  An entropy weaver zombie (Vaults:2)
  8 deep trolls
  2 glowing orange brains
  2 wizards
  8 swamp dragons (Swamp:4)
  8 deep elf archers
  2 spectral wolf spiders (Spider:4)
  2 wolf spider zombies (Spider:4)
  3 phantasmal warriors
  A lindwurm (shapeshifter) (Vaults:2)
  2 orc sorcerers
  7 orc knights
  A harpy (shapeshifter) (Vaults:3)
  20 wolf spiders
  A tengu zombie (Vaults:2)
  10 orb spiders
  15 ugly things
  3 cyclopes
  4 oklob plants
  13 deep elf magi
  A salamander (shapeshifter) (Vaults:5)
  A sphinx skeleton (Vaults:1)
  12 elephants
  A manticore (D:11)
  Maurice (Orc:1)
  2 black mambas
  3 centaur skeletons
  5 vault sentinels
  A black mamba (shapeshifter) (Vaults:3)
  Joseph (D:9)
  A torpor snail (Spider:4)
  10 spiny frogs
  A rime drake (Lair:6)
  6 freezing wraiths
  A yaktaur skeleton (Vaults:2)
  3 redback zombies (Spider:4)
  6 yaktaurs
  A yaktaur zombie (Vaults:2)
  An ice devil (Lair:1)
  2 spectral redbacks (Spider:4)
  2 komodo dragons
  19 demonic crawlers
  2 trolls (Orc:1)
  A polar bear (Lair:6)
  3 blink frogs (Lair:2)
  24 jumping spiders
  15 hornets
  4 tyrant leeches
  12 bog bodies
  A polar bear (shapeshifter) (Vaults:3)
  2 spectral jumping spiders (Spider:4)
  2 spectral tarantellas (Spider:4)
  A fire giant simulacrum (Vaults:1)
  16 slime creatures
  3 dream sheep (Lair:5)
  2 hippogriffs
  A tarantella zombie (Spider:4)
  A wyvern (Lair:6)
  11 spriggans
  A spriggan (shapeshifter) (Vaults:1)
  14 yaks
  A basilisk (Lair:3)
  22 tarantellas
  45 redbacks
  8 vampire mosquitoes
  14 insubstantial wisps
  2 wargs
  A soldier ant (shapeshifter) (Vaults:4)
  13 swamp worms
  2 acid dragons (Vaults:2)
  A floating eye (shapeshifter) (Vaults:5)
  4 spectral hornets (Spider:4)
  10 water moccasins
  12 orc warriors
  An ice beast (D:13)
  3 porcupines
  10 swamp drakes
  2 black bears (Lair:6)
  2 human zombies (Vaults:2)
  18 ogres
  2 hornet zombies (Spider:4)
  8 wolves
  4 centaurs (D:14)
  3 boggarts
  4 crocodiles
  A big kobold (D:12)
  5 bullfrogs
  A human simulacrum (Vaults:1)
  2 wights (D:15)
  A crimson imp (D:11)
  4 orc wizards
  4 orc priests
  An iguana (D:9)
  A centaur simulacrum (IceCv)
  A hound skeleton (D:11)
  A gnoll (D:9)
  3 white imps (IceCv)
  33 orcs
  4 kobolds
  14 briar patches (Swamp:1)
  A bush (Lair:4)
  2 crawling corpses (Vaults:5)
  19 fungi
  11 plants
773 creatures vanquished.

Vanquished Creatures (others)
  5 profane servitors
  3 bone dragons
  6 ghouls (Vaults:5)
  5 vampire knights (Vaults:5)
  A very ugly thing zombie (Vaults:5)
  A spectral fire giant (Vaults:5)
  A hydra (Swamp:2)
  A deep elf knight (Vaults:1)
  6 skeletal warriors (Vaults:5)
  A tengu zombie (Vaults:5)
  3 flayed ghosts
  A golden dragon zombie (Vaults:5)
  A necromancer (Vaults:1)
  5 phantasmal warriors
  An ugly thing (Vaults:1)
  A wolf spider zombie (Spider:4)
  3 ugly thing zombies (Vaults:1)
  3 redback zombies (Spider:2)
  7 human zombies
  2 hydra zombies
  A moth of wrath zombie (Spider:2)
  2 tarantella zombies
  An alligator zombie (Swamp:4)
  A spectral human (Vaults:2)
  A tyrant leech (Swamp:4)
  A fire dragon zombie (Vaults:1)
  A redback (Spider:3)
  2 deep troll zombies (Vaults:2)
  13 flying skulls
  2 wraiths
  7 vampires
  13 elf zombies
  A spiny frog zombie (Swamp:2)
  3 two-headed ogre zombies (Vaults:2)
  A swamp drake (Swamp:2)
  2 hornet zombies (Swamp:4)
  A swamp dragon zombie (Swamp:4)
  An ogre (Vaults:4)
  A torpor snail zombie (Spider:4)
  2 blink frog zombies (Lair:2)
  2 yaktaur zombies
  A water moccasin zombie (Lair:5)
  2 cyclops zombies
  2 wights (Orc:1)
  2 bullfrog zombies
  A hound (D:6)
  A porcupine zombie (Lair:2)
  A bog body skeleton (Swamp:4)
  7 ogre zombies
  A sky beast zombie (D:15)
  An adder (D:3)
  2 swamp drake zombies
  A bat (D:3)
  A kobold zombie (D:12)
  6 orc skeletons
  38 orc zombies
  A crawling corpse (Vaults:5)
  8 fungi
  5 plants
  7 starspawn tentacles (Abyss:2)
204 creatures vanquished.

Grand Total: 1968 creatures vanquished

Notes
Turn   | Place    | Note
-------+----------+-------------------------------------------
     0 | D:1      | Eitelfritz the Hill Orc Fighter began the quest for the
                  | Orb.
     0 | D:1      | Reached XP level 1. HP: 19/19 MP: 1/1
   215 | D:1      | Reached XP level 2. HP: 27/27 MP: 2/2
   724 | D:2      | Reached XP level 3. HP: 31/33 MP: 3/3
   800 | D:2      | Found a shadowy altar of Dithmenos.
   906 | D:2      | Found an iron altar of Okawaru.
  1136 | D:2      | Found a radiant altar of Vehumet.
  1138 | D:2      | Found a shimmering altar of Xom.
  1138 | D:2      | Found a stormy altar of Qazlal.
  1140 | D:2      | Found a shattered altar of Ashenzari.
  1140 | D:2      | Found a bloodstained altar of Trog.
  1140 | D:2      | Found a shadowy altar of Dithmenos.
  1195 | D:3      | Reached XP level 4. HP: 37/40 MP: 4/4
  1412 | D:3      | Reached skill level 1 in Dodging
  1613 | D:3      | Noticed Natasha
  1627 | D:3      | Killed Natasha
  1627 | D:3      | Reached XP level 5. HP: 21/47 MP: 5/5
  1911 | D:3      | Noticed Natasha
  1925 | D:3      | Killed Natasha
  1925 | D:3      | Reached skill level 5 in Axes
  2103 | D:3      | Found a radiant altar of Vehumet.
  2219 | D:3      | Noticed Natasha
  2225 | D:3      | Killed Natasha
  2265 | D:4      | Found a sand-covered staircase.
  2289 | Ossuary  | Entered an ossuary
  2405 | Ossuary  | Reached XP level 6. HP: 35/53 MP: 6/6
  2762 | D:4      | Reached XP level 7. HP: 59/60 MP: 7/7
  2785 | D:4      | Reached skill level 5 in Fighting
  2785 | D:4      | Reached skill level 4 in Shields
  3515 | D:5      | Entered Level 5 of the Dungeon
  3537 | D:5      | Reached skill level 5 in Armour
  3546 | D:5      | Reached XP level 8. HP: 57/70 MP: 8/8
  3697 | D:5      | Found a radiant altar of Vehumet.
  3729 | D:5      | Noticed Grinder
  3808 | D:5      | Killed Grinder
  3808 | D:5      | Reached skill level 5 in Shields
  4060 | D:5      | Noticed Edmund
  4112 | D:5      | Killed Edmund
  4263 | D:5      | Reached skill level 10 in Axes
  4398 | D:5      | Noticed Dowan
  4403 | D:5      | Noticed Duvessa
  4417 | D:5      | Killed Duvessa
  4417 | D:5      | Reached skill level 1 in Maces & Flails
  4417 | D:5      | Reached XP level 9. HP: 57/77 MP: 9/9
  4419 | D:5      | Killed Dowan
  4838 | D:6      | Got an ancient golden ring
  4860 | D:6      | Identified the ring "Apeoc" {Ice Int+6} (You found it on
                  | level 6 of the Dungeon)
  4920 | D:6      | Reached skill level 6 in Shields
  5405 | D:6      | Noticed Pikel
  5419 | D:6      | Killed Pikel
  5419 | D:6      | Reached skill level 5 in Maces & Flails
  5478 | D:6      | Reached XP level 10. HP: 60/88 MP: 10/10
  5482 | D:6      | Reached skill level 7 in Shields
  5953 | D:6      | Noticed Prince Ribbit
  6244 | D:6      | Killed Prince Ribbit
  6622 | D:7      | Found a staircase to the Ecumenical Temple.
  6632 | Temple   | Entered the Ecumenical Temple
  6872 | Temple   | Became a worshipper of Yredelemnul the Dark
  7206 | D:7      | Reached skill level 1 in Invocations
  7257 | D:7      | Noticed Harold
  7282 | D:7      | Killed Harold
  7628 | D:7      | Reached skill level 8 in Shields
  7911 | D:7      | Found a shimmering altar of Xom.
  8428 | D:8      | Reached * piety under Yredelemnul
  8447 | D:8      | Found a staircase to the Lair.
  8519 | D:8      | Reached XP level 11. HP: 78/95 MP: 13/13
  8846 | D:8      | Found the +8 whip "Snakebite" {curare, rPois}
  9316 | D:9      | Noticed Erolcha
  9324 | D:9      | Paralysed by Erolcha for 3 turns
  9331 | D:9      | Killed Erolcha
  9331 | D:9      | Reached skill level 5 in Invocations
  9443 | D:9      | Reached ** piety under Yredelemnul
  9641 | D:9      | Noticed Joseph
  9655 | D:9      | Killed Joseph
 10023 | D:10     | Entered Level 10 of the Dungeon
 10043 | D:10     | Reached skill level 9 in Shields
 10079 | D:10     | Noticed a two-headed ogre
 10086 | D:10     | Killed a two-headed ogre
 10809 | D:10     | Found an ancient bone altar of Kikubaaqudgha.
 11179 | D:10     | Reached *** piety under Yredelemnul
 11180 | D:10     | Reached XP level 12. HP: 93/105 MP: 17/17
 11521 | D:11     | You fall into a shaft and drop 3 floors!
 11562 | D:14     | Reached skill level 10 in Maces & Flails
 11619 | D:13     | Reached skill level 1 in Stealth
 11917 | D:12     | Got a scorched flail
 11941 | D:12     | Reached skill level 10 in Fighting
 11955 | D:12     | Found a staircase to the Orcish Mines.
 11967 | D:12     | Received a gift from Yredelemnul (5 flying skulls)
 11995 | D:12     | Found a gate leading to a gauntlet.
 12007 | Gauntlet | Entered a Gauntlet
 12007 | Gauntlet | Found a transporter.
 12007 | Gauntlet | Found a transporter.
 12010 | Gauntlet | Noticed a soul eater
 12246 | Gauntlet | Killed a soul eater
 12252 | Gauntlet | Found a transporter.
 12255 | Gauntlet | Found a transporter.
 12255 | Gauntlet | Found a transporter.
 12491 | Gauntlet | Found a runed translucent door.
 12492 | Gauntlet | Found a transporter.
 12495 | Gauntlet | Found a runed translucent door.
 12512 | Gauntlet | Found a transporter.
 12513 | Gauntlet | Found a transporter.
 12536 | Gauntlet | Found a transporter.
 12536 | Gauntlet | Found a transporter.
 12541 | Gauntlet | Found a runed translucent door.
 12548 | Gauntlet | Noticed a ghost crab
 12578 | Gauntlet | Found a transporter.
 12592 | Gauntlet | Reached **** piety under Yredelemnul
 12856 | Gauntlet | Found a transporter.
 12868 | Gauntlet | Noticed a minotaur
 12879 | Gauntlet | Killed a minotaur
 12879 | Gauntlet | Reached skill level 10 in Shields
 13180 | Gauntlet | Identified the +9 flail of Gocreoh {freeze, rF+ Int+3} (You
                  | found it on level 12 of the Dungeon)
 13733 | D:12     | Noticed a sun demon
 14057 | D:11     | Received a gift from Yredelemnul (a wight)
 14081 | D:11     | Noticed a six-headed hydra
 14090 | D:11     | Killed a six-headed hydra
 14241 | D:11     | Noticed a two-headed ogre
 14244 | D:11     | Noticed a two-headed ogre
 14249 | D:11     | Killed a two-headed ogre
 14254 | D:11     | Killed a two-headed ogre
 14340 | D:11     | Reached XP level 13. HP: 114/114 MP: 20/20
 14389 | D:11     | Received a gift from Yredelemnul (a wight)
 14512 | D:11     | Found a glowing golden altar of the Shining One.
 14518 | D:11     | Reached skill level 10 in Invocations
 15239 | D:13     | Received a gift from Yredelemnul (3 flying skulls)
 15361 | D:13     | Noticed a vault guard
 15387 | D:13     | Killed a vault guard
 15433 | D:13     | Found a gate to the Vaults.
 16024 | D:14     | Reached skill level 11 in Shields
 16110 | D:14     | Received a gift from Yredelemnul (a vampire)
 16155 | D:14     | Reached skill level 10 in Armour
 16298 | D:14     | Found Pifaic's General Store.
 16309 | D:14     | Bought an uncursed amulet of reflection for 420 gold pieces
 16719 | D:15     | Entered Level 15 of the Dungeon
 16988 | D:15     | Reached ***** piety under Yredelemnul
 17044 | D:15     | Found a staircase to the Depths.
 17044 | D:15     | Noticed a fire giant
 17095 | D:15     | Killed a fire giant
 17095 | D:15     | Received a gift from Yredelemnul (3 flying skulls)
 17420 | D:15     | Found a blossoming altar of Fedhas.
 17691 | D:15     | Reached XP level 14. HP: 124/124 MP: 22/22
 17829 | D:15     | Received a gift from Yredelemnul (2 flying skulls)
 18212 | Orc:1    | Entered Level 1 of the Orcish Mines
 18349 | Orc:1    | Found Wodidgh's Magic Scroll Shop.
 18359 | Orc:1    | Received a gift from Yredelemnul (a phantasmal warrior)
 18366 | Orc:1    | Noticed Maurice
 18378 | Orc:1    | Killed Maurice
 18452 | Orc:1    | Noticed Sonja
 18458 | Orc:1    | Reached skill level 1 in Evocations
 18461 | Orc:1    | Killed Sonja
 18752 | Orc:2    | Entered Level 2 of the Orcish Mines
 18752 | Orc:2    | Noticed a stone giant
 18761 | Orc:2    | Killed a stone giant
 18764 | Orc:2    | Found Rekoapsu's General Store.
 18794 | Orc:2    | Found a staircase to the Elven Halls.
 19068 | Orc:2    | Noticed an orc warlord
 19107 | Orc:1    | Reached skill level 12 in Shields
 19691 | Orc:1    | Received a gift from Yredelemnul (a skeletal warrior)
 19795 | Orc:1    | Killed an orc warlord
 20046 | Orc:2    | Found Vaad's Antique Armour Shop.
 20065 | Orc:2    | Bought a shiny kite shield for 225 gold pieces
 20065 | Orc:2    | Bought a bronze chain mail for 285 gold pieces
 20085 | Orc:2    | Identified the +5 chain mail of Sloth {Str+3} (You bought
                  | it in a shop on level 2 of the Orcish Mines)
 20176 | Orc:2    | Found Pamaiplo's Jewellery Boutique.
 20235 | Orc:2    | Found Qeumec's Antique Weapon Emporium.
 20639 | Lair:1   | Entered Level 1 of the Lair of Beasts
 20901 | Lair:1   | Received a gift from Yredelemnul (a wraith)
 21230 | Lair:1   | Found a frozen archway.
 21256 | IceCv    | Entered an ice cave
 21490 | IceCv    | Received a gift from Yredelemnul (a vampire)
 21728 | IceCv    | Found an ancient bone altar of Kikubaaqudgha.
 22024 | IceCv    | Received a gift from Yredelemnul (a wraith)
 22780 | Lair:2   | Received a gift from Yredelemnul (a skeletal warrior)
 23067 | Lair:2   | Reached skill level 13 in Shields
 23123 | Lair:2   | Reached ****** piety under Yredelemnul
 23128 | Lair:2   | Received a gift from Yredelemnul (a vampire knight)
 23297 | Orc:2    | Bought an uncursed ring of resist corrosion for 340 gold
                  | pieces
 23442 | Lair:2   | Found a runed translucent door.
 23444 | Lair:2   | Noticed H0rd4k's ghost (journeyman DEWz)
 23525 | Lair:2   | Killed H0rd4k's ghost
 23990 | Lair:3   | Reached XP level 15. HP: 112/132 MP: 23/23
 24051 | Lair:3   | Found a hole to the Spider Nest.
 24338 | Lair:3   | Found a staircase to the Swamp.
 24760 | Lair:4   | Received a gift from Yredelemnul (a skeletal warrior)
 25454 | Lair:5   | Reached skill level 5 in Evocations
 25597 | Lair:5   | Received a gift from Yredelemnul (a phantasmal warrior)
 25686 | Lair:5   | Noticed Snorg
 25698 | Lair:5   | Killed Snorg
 25705 | Lair:5   | Got an ancient graven amulet
 25706 | Lair:5   | Identified the amulet of the Amoeba {RegenMP rC- Dex+7}
                  | (You found it on level 5 of the Lair of Beasts)
 25935 | Lair:6   | Entered Level 6 of the Lair of Beasts
 26354 | Lair:6   | Received a gift from Yredelemnul (a bone dragon)
 26430 | Lair:6   | Received a gift from Yredelemnul (a ghoul)
 26727 | Lair:6   | Found a staircase to the Slime Pits.
 26825 | Lair:6   | Reached skill level 14 in Shields
 27483 | Spider:1 | Entered Level 1 of the Spider Nest
 27638 | Spider:1 | Received a gift from Yredelemnul (a vampire knight)
 27698 | Spider:1 | Noticed an emperor scorpion
 27720 | Spider:1 | Killed an emperor scorpion
 28124 | Spider:2 | Received a gift from Yredelemnul (a profane servitor)
 28131 | Spider:2 | Reached XP level 16. HP: 141/141 MP: 25/25
 28221 | Spider:2 | Received a gift from Yredelemnul (a flayed ghost)
 28345 | Spider:2 | Reached skill level 15 in Shields
 28493 | Spider:2 | Received a gift from Yredelemnul (a profane servitor)
 28710 | Spider:3 | Noticed Bai Suzhen
 28742 | Spider:3 | Killed Bai Suzhen
 28773 | Spider:3 | Received a gift from Yredelemnul (a vampire knight)
 29394 | Spider:3 | Reached skill level 16 in Shields
 29396 | Spider:3 | Received a gift from Yredelemnul (a ghoul)
 29509 | Spider:4 | Entered Level 4 of the Spider Nest
 29531 | Spider:4 | Received a gift from Yredelemnul (a profane servitor)
 29718 | Spider:4 | Received a gift from Yredelemnul (a vampire)
 29809 | Spider:4 | Received a gift from Yredelemnul (a skeletal warrior)
 30361 | Spider:4 | Received a gift from Yredelemnul (a phantasmal warrior)
 30594 | Spider:4 | Received a gift from Yredelemnul (a bone dragon)
 30656 | Spider:4 | Reached XP level 17. HP: 134/150 MP: 27/27
 30734 | Spider:4 | Reached skill level 17 in Shields
 30986 | Spider:4 | Got a gossamer rune of Zot
 31579 | Swamp:1  | Entered Level 1 of the Swamp
 31698 | Swamp:1  | Found a runed translucent gate.
 31699 | Swamp:1  | Found a runed translucent gate.
 31700 | Swamp:1  | Found a runed translucent gate.
 31704 | Swamp:1  | Received a gift from Yredelemnul (a ghoul)
 31730 | Swamp:1  | Noticed Delamore's ghost (adept GrFi)
 32149 | Swamp:1  | You fall into a shaft and drop 1 floor!
 32681 | Swamp:1  | Killed Delamore's ghost
 33316 | Swamp:3  | Received a gift from Yredelemnul (a flayed ghost)
 33444 | Swamp:3  | Received a gift from Yredelemnul (a ghoul)
 34053 | Swamp:4  | Entered Level 4 of the Swamp
 34254 | Swamp:4  | Reached skill level 18 in Shields
 34296 | Swamp:4  | Received a gift from Yredelemnul (a vampire)
 34446 | Swamp:4  | Noticed the 27-headed Lernaean hydra
 34451 | Swamp:4  | Killed the 27-headed Lernaean hydra
 34711 | Swamp:4  | Got a decaying rune of Zot
 34947 | Swamp:4  | Reached skill level 5 in Stealth
 35756 | Vaults:1 | Entered Level 1 of the Vaults
 35784 | Vaults:1 | Received a gift from Yredelemnul (a ghoul)
 35787 | Vaults:1 | Reached XP level 18. HP: 142/159 MP: 28/28
 35950 | Vaults:1 | Received a gift from Yredelemnul (a profane servitor)
 36189 | Vaults:1 | Received a gift from Yredelemnul (a profane servitor)
 36945 | Vaults:1 | Received a gift from Yredelemnul (a phantasmal warrior)
 36946 | Vaults:1 | Reached skill level 19 in Shields
 37005 | Vaults:1 | Found a runed translucent gate.
 37006 | Vaults:1 | Noticed eruonna's ghost (veteran HOBe)
 37006 | Vaults:1 | Found a runed translucent gate.
 37006 | Vaults:1 | Found a runed translucent gate.
 37479 | Vaults:2 | Received a gift from Yredelemnul (a vampire)
 37582 | Vaults:2 | Identified a scroll of acquirement
 37583 | Vaults:2 | Acquired 560 gold pieces
 37671 | Vaults:2 | Received a gift from Yredelemnul (a flayed ghost)
 37875 | Vaults:2 | Found Ralaluny's Gadget Boutique.
 37894 | Vaults:2 | Bought a wand of disintegration (16) for 360 gold pieces
 38384 | Vaults:2 | Reached skill level 15 in Maces & Flails
 38768 | Vaults:2 | Received a gift from Yredelemnul (a vampire)
 38854 | Vaults:2 | Reached XP level 19. HP: 168/168 MP: 30/30
 38969 | Vaults:2 | Reached skill level 15 in Invocations
 39492 | Vaults:3 | Noticed a lich
 39500 | Vaults:3 | Killed a lich
 39548 | Vaults:3 | Received a gift from Yredelemnul (a skeletal warrior)
 39741 | Vaults:3 | Noticed a bone dragon
 39770 | Vaults:3 | Killed a bone dragon
 39770 | Vaults:3 | Reached skill level 20 in Shields
 39834 | Vaults:3 | Found a staircase to the Crypt.
 40013 | Vaults:3 | Received a gift from Yredelemnul (a ghoul)
 40262 | Vaults:3 | Paralysed by a sphinx for 2 turns
 40395 | Vaults:3 | Reached skill level 15 in Fighting
 40450 | Vaults:3 | Received a gift from Yredelemnul (a vampire)
 40741 | Vaults:3 | Received a gift from Yredelemnul (a skeletal warrior)
 41195 | Vaults:4 | Reached skill level 5 in Dodging
 41197 | Vaults:4 | Received a gift from Yredelemnul (a phantasmal warrior)
 42014 | Vaults:4 | Received a gift from Yredelemnul (a vampire knight)
 42018 | Vaults:4 | Reached XP level 20. HP: 56/179 MP: 31/31
 42759 | Vaults:4 | Received a gift from Yredelemnul (a vampire knight)
 43101 | Vaults:5 | Entered Level 5 of the Vaults
 43106 | Vaults:5 | Noticed a golden dragon
 43106 | Vaults:5 | Noticed an ancient lich
 43108 | Vaults:5 | Reached skill level 21 in Shields
 43160 | Vaults:5 | Killed an ancient lich
 43179 | Vaults:5 | Killed a golden dragon
 43285 | Vaults:5 | Received a gift from Yredelemnul (a bone dragon)
 43463 | Vaults:5 | Reached XP level 21. HP: 188/188 MP: 26/33
 43529 | Vaults:5 | Cast into level 2 of the Abyss (a deep elf sorcerer)
 43697 | Abyss:2  | Paralysed by accursed screaming for 2 turns
 43705 | Abyss:2  | HP: 9/188 [starcursed mass/accursed screaming (9)]
 43707 | Abyss:2  | Killed from afar by a starcursed mass

Illustrated notes

Levels and vault maps discovered:
D:1:      heliophobic_arrival_glass_houses, layout_basic, minmay_bisected
D:2:      layout_rooms, okawaru_metal_pillars_1_2,
          grunt_dithmenos_smoke_and_mirrors, doesnt_xom_only_xom
D:3:      layout_rooms, fiery_altar_vehumet, first_ration, kennysheep_doodads,
          lemuel_old_faithful, uniq_natasha
D:4:      layout_basic, nicolae_ossuary_entry_ruins
D:5:      layout_rooms, basic_altar, uniq_duvessa, uniq_grinder, uniq_edmund
D:6:      cheibrodos_steamvent, layout_gridville, uniq_pikel,
          uniq_prince_ribbit1
D:7:      minmay_chambers_of_sixes, layout_loops_ring,
          nicolae_overflow_hidden_temple, minmay_temple_entry_crystal_x,
          uniq_harold
D:8:      layout_basic, dpeg_oklobed_lair
D:9:      layout_loops_ring, uniq_joseph, uniq_erolcha
D:10:     layout_basic, basic_altar, grunt_livestock
D:11:     layout_loops_corners, basic_altar
D:12:     layout_basic, hiddenorc2_lemuel, gauntlet_entry_generic, minivault_16
D:13:     layout_loops_ring, david_vaults_5
D:14:     layout_loops_ring, corexii_hall_statues_s, serial_shops,
          nicolae_shop_temple_entry_statues_fountains
D:15:     grunt_enter_depths_giant_problem, layout_gridville, fedhas_altar_3
Temple:   dpeg_five_rooms_temple
Lair:1:   layout_regular_city, portal_ice_cave_demonic_guard
Lair:2:   layout_roguey, hellmonk_ghost_happy_afterlife,
          minmay_lair_oklob_chamber
Lair:3:   layout_roguey, minmay_swamp_entry_worms, spider_nest_entry_web_field,
          grunt_megastairs_5
Lair:4:   layout_roguey
Lair:5:   layout_cave_shapes, uniq_snorg
Lair:6:   minmay_lair_end_enchanted_forest, layout_hall_layers,
          minmay_slime_entry_oklob_open, st_stairs_11
Swamp:1:  layout_basic_swamp, ebering_ghost_rock_garden,
          evilmike_swamp_ruin_house_5
Swamp:2:  layout_basic_swamp, hangedman_swamp_ruin_wall
Swamp:3:  layout_basic_swamp, evilmike_swamp_ruin_wall, swamp_pool2
Swamp:4:  grunt_swamp_rune_castle, layout_basic_swamp
Spider:1: layout_spider_delve
Spider:2: layout_spider_delve
Spider:3: layout_spider_delve, drop_trap, uniq_bai_suzhen
Spider:4: floodkiller_spider_rune_tomb
Orc:1:    layout_diamond_mine, serial_shops, shop, uniq_maurice, uniq_sonja
Orc:2:    grunt_orc_gardens, layout_diamond_mine, grunt_orc_garden,
          grunt_orc_garden, grunt_orc_garden, grunt_orc_garden
Vaults:1: gammafunk_vaults_ghost_spectres, v_rooms_4, grunt_vaults_swirl,
          ontoclasm_vaults_ligature, ontoclasm_vaults_idyll,
          vaults_room_hallway, nicolae_vaults_little_squares_4, v_misc_2,
          layout_vaults_omnicross
Vaults:2: v_rooms_6, hangedman_vaults_slice, v_misc_28, hangedman_vaults_slice,
          grunt_vaults_funnel, vaults_room_pool, v_misc_17,
          vaults_room_grunt_arrival_ludios, st_more_cells, vaults_room_grid,
          nicolae_vaults_theta, v_alt_pattern_3, nicolae_vaults_gold_heap,
          layout_vaults_omnigrid, serial_shops, shop
Vaults:3: minmay_crypt_entry_nasty_monster, nicolae_vaults_big_ls,
          vaults_room_octagon, v_rooms_6, v_misc_30,
          vaults_mumra_minichess_inversion, ontoclasm_vaults_bender,
          ontoclasm_vaults_decontamination, v_misc_11, vaults_mumra_minichess,
          vaults_mumra_chevron, vaults_dpeg_ring, v_misc_17, v_misc_25,
          nicolae_vaults_little_squares_3, grunt_vaults_hallway_long,
          vaults_room_ringed_pool, nicolae_vaults_ring_of_whatevers,
          layout_vaults_maze_bifur
Vaults:4: nicolae_vaults_rhombus_5, v_misc_23, st_diamondy,
          ontoclasm_vaults_ring_square, vaults_room_pools,
          nicolae_vaults_little_squares_5, nicolae_vaults_little_squares_6,
          v_misc_27, v_misc_22, vaults_room_door_ring, v_misc_5,
          hangedman_vaults_cutoff, v_pattern_4, nicolae_vaults_little_squares_2,
          layout_vaults_omnibox
Vaults:5
Abyss:2:  base: Spider:2, hangedman_abyss_mock_shop, minivault_25,
          abyss_greek_temple

Skill      XL: |  1  2  3  4  5  6  7  8  9 10 11 12 13 14 15 16 17 18 19 20 |
---------------+-------------------------------------------------------------+-----
Axes           | 3 4 5 7 8 10 | 10.2
Fighting       | 4 5 6 7 8 9 10 11 12 13 14 15 16 | 16.2
Dodging        | 1 2 3 4 5 |  5.8
Armour         | 4 5 6 7 8 9 10 11 12 13 14 | 14.6
Shields        | 4 5 6 8 9 10 11 13 14 16 18 19 20 21 | 21.9
Maces & Flails | 1 5 8 9 11 12 13 14 15 16 | 16.2
Invocations    | 3 7 9 11 12 13 14 15 16 | 16.2
Stealth        | 1 2 3 4 5 6 7 |  7.4
Evocations     | 4 6 |  6.0
Throwing       | |  0.5

Action                   |  1- 3 |  4- 6 |  7- 9 | 10-12 | 13-15 | 16-18 | 19-21 || total
-------------------------+-------+-------+-------+-------+-------+-------+-------++-------
Melee: War axe           |   107 |   166 |   198 |       |       |       |       ||   471
       Flail             |       |       |   189 |   370 |   461 |     3 |   895 ||  1918
       Whip              |       |       |       |   511 |   952 |  1162 |    68 ||  2693
Throw: Dart              |       |       |     3 |     3 |       |       |       ||     6
Invok: Animate Remains   |       |       |       |    27 |       |       |       ||    27
       Recall Undead Sla |       |       |       |     3 |    12 |     3 |     4 ||    22
       Animate Dead      |       |       |       |    12 |    59 |    38 |    22 ||   131
       Enslave Soul      |       |       |       |       |       |     5 |       ||     5
       Drain Life        |       |       |       |       |       |       |     8 ||     8
Evoke: Wand              |       |       |       |       |    17 |       |       ||    17
  Use: Scroll            |       |    16 |     3 |     5 |    18 |     8 |     1 ||    51
       Potion            |       |       |     1 |     6 |     1 |     3 |     5 ||    16
 Stab: Distracted        |       |       |       |     1 |    12 |    26 |    18 ||    57
       Confused          |       |       |       |       |     1 |     4 |       ||     5
       Paralysed         |       |       |       |       |     2 |     1 |       ||     3
       Sleeping          |       |       |       |       |       |       |     1 ||     1
  Eat: Chunk             |     1 |     3 |     9 |    26 |    38 |    29 |     9 ||   115
       Ration            |       |     1 |       |     4 |     7 |     6 |     5 ||    23
Armor: Scale mail        |    68 |    16 |       |       |       |       |       ||    84
       Chain mail        |       |    36 |   174 |   293 |   127 |       |       ||   630
       Plate armour      |       |       |       |    47 |   230 |   369 |       ||   646
       Storm dragon scal |       |       |       |       |       |    62 |   228 ||   290
Dodge: Dodged            |    34 |    29 |    89 |   170 |   279 |   332 |   206 ||  1139
Block: Kite shield       |    52 |    63 |   220 |   420 |  1177 |   840 |       ||  2772
       Reflection        |       |       |       |       |    41 |    33 |    43 ||   117
       Tower shield      |       |       |       |       |       |   253 |   864 ||  1117
